 Dungeon Crawl Stone Soup version 0.26-a0-712-ga5a9c9c9d0 (webtiles) character file.

Game seed: 15618416593128842710

(classic levelgen) 4972 EnegeticOcto the Cleaver (level 10, 60/92 HPs)
             Began as a Deep Dwarf Fighter on Nov 5, 2020.
             Was an Initiate of Makhleb.
             Quit the game on level 8 of the Dungeon.
             The game lasted 00:03:37 (3814 turns).

EnegeticOcto the Cleaver (Deep Dwarf Fighter)       Turns: 3814, Time: 00:03:38

Health: 60/92      AC: 16    Str: 28    XL:     10   Next: 28%
Magic:  2/2        EV:  6    Int: 10    God:    Makhleb [......]
Gold:   429        SH: 12    Dex: 12    Spells: 9/9 levels left

rFire    x . .     SeeInvis .   a - +1 war axe
rCold    + . .     Faith    +   c - +0 kite shield
rNeg     . . .     Spirit   .   z - +0 plate armour
rPois    .         Reflect  .   A - +0 helmet
rElec    .         Harm     .   F - +0 cloak
rCorr    .         Rampage  .   (no gloves)
MR       +....                  (no boots)
Stlth    ..........             C - amulet of faith
HPRegen  0.00/turn              m - ring of ice
MPRegen  0.08/turn              e - +6 ring of strength

@: non-regenerating
A: damage resistance, heal wounds, sense surroundings 2, no regeneration
a: Heal Wounds, Renounce Religion


You were on level 8 of the Dungeon.
You worshipped Makhleb.
Makhleb was noncommittal.
You visited 2 branches of the dungeon, and saw 9 of its levels.

You collected 429 gold pieces.

Inventory:

Hand Weapons
 a - a +1 war axe (weapon)
Armour
 c - a +0 kite shield (worn)
 z - a +0 plate armour (worn)
 A - a +0 helmet (worn)
 F - a +0 cloak (worn)
Jewellery
 e - a +6 ring of strength (right hand)
 m - a ring of ice (left hand)
 C - an amulet of faith (around neck)
Wands
 y - a wand of iceblast (13) {@v2}
 H - a wand of acid (7) {@v1}
Scrolls
 b - 2 scrolls of fear
 f - a scroll of teleportation {@r3}
 q - 4 scrolls of remove curse {@r2}
 r - a scroll of enchant weapon
 t - 2 scrolls of amnesia
 x - 2 scrolls of magic mapping {@r5}
Potions
 d - a potion of might {@q3}
 i - 3 potions of degeneration
 j - 3 potions of curing {@q1}
 l - 2 potions of invisibility
 n - 2 potions of brilliance
 o - 5 potions of lignification {unknown}
 p - 3 potions of mutation {unknown}
 s - 3 potions of heal wounds {unknown}
 u - 2 potions of stabbing {unknown}
 v - 2 potions of magic {unknown}
 D - 2 potions of flight {unknown}
 E - a potion of ambrosia {unknown}
 G - a potion of cancellation {unknown}


   Skills:
 + Level 6.8 Fighting
 * Level 10.6 Axes
 + Level 8.1 Armour
 + Level 8.1 Shields
 * Level 2.1 Invocations


You had 9 spell levels left.
You didn't know any spells.
Your spell library was empty.

Dungeon Overview and Level Annotations

Branches:
Dungeon (8/15)             Temple (1/1) D:7
   Lair: D:8-11

Altars:
Cheibriados
Fedhas
Hepliaklqana
Makhleb
Nemelex Xobeh
Okawaru
Qazlal
Ru
Sif Muna
Uskayaw
Xom
Yredelemnul
The Shining One

Annotations:
D:5 2 transporters


Innate Abilities, Weirdness & Mutations

You are resistant to damage.
You can heal yourself by infusing magical energy.
You passively map the area around you.
You do not regenerate.


Message History

The arrow hits you.
Found a stone staircase leading up.
You see here 5 arrows.
A centaur comes into view.
The centaur shoots an arrow.
The arrow hits you but does no damage.
The centaur shoots an arrow.
You block the arrow.
The centaur shoots an arrow.
The arrow hits you but does no damage.
The centaur shoots an arrow.
The arrow hits you but does no damage.
The centaur shoots an arrow.
You block the arrow.
The centaur shoots an arrow.
The arrow hits you but does no damage.
The centaur moves out of view.
You hear a shout!
You see here 5 arrows.
A centaur comes into view.
The centaur shoots an arrow.
The arrow barely misses you.
The centaur shoots an arrow.
The arrow barely misses you.
The centaur shoots an arrow.
The arrow hits you but does no damage.
You hear a shout!
You see here 3 arrows.
The centaur shoots an arrow.
You block the arrow.
The centaur shoots an arrow.
You block the arrow.
The centaur shoots an arrow.
The arrow hits you.
The centaur shoots an arrow.
The arrow barely misses you.
You see here 4 arrows.
The centaur shoots an arrow.
You block the arrow.
The centaur shoots an arrow.
You block the arrow.
The centaur shoots an arrow.
The arrow hits you but does no damage.
The centaur shoots an arrow.
The arrow barely misses you.
You see here 4 arrows.
The centaur shoots an arrow.
You block the arrow.
The centaur shoots an arrow.
The arrow hits you.
The centaur shoots an arrow.
The arrow hits you but does no damage.
You see here 3 arrows.
The centaur shoots an arrow.
The arrow hits you but does no damage.
The centaur shoots an arrow.
The arrow hits you but does no damage.
The centaur shoots an arrow.
The arrow hits you but does no damage.
The centaur shoots an arrow.
You block the arrow.
You see here 4 arrows.
There is a stone staircase leading up here.
The centaur wields a cursed -3 shortbow.
The centaur shoots an arrow.
The arrow hits you!
Number of times to repeat, then command key: You must enter the number of times for the command to repeat.
The centaur shoots an arrow.
The arrow hits you but does no damage.
You see here an arrow.
There is a stone staircase leading up here.
You climb upwards.
There is a stone staircase leading down here.
There is a stone staircase leading down here.
You climb downwards.
A centaur skeleton comes into view.
There is a stone staircase leading up here.
You hit the centaur skeleton.
The centaur skeleton is lightly damaged.
The centaur skeleton barely misses you.
You slash the centaur skeleton!
The centaur skeleton is heavily damaged.
You block the centaur skeleton's attack.
The centaur skeleton barely misses you.
You hit the centaur skeleton.
The centaur skeleton is severely damaged.
You block the centaur skeleton's attack.
You hit the centaur skeleton.
The centaur skeleton is almost destroyed.
The centaur skeleton hits you but does no damage.
You block the centaur skeleton's attack.
You hit the centaur skeleton.
The centaur skeleton is almost destroyed.
The centaur skeleton hits you.
You slice the centaur skeleton!!
You destroy the centaur skeleton!
Makhleb accepts your kill.
No target in view!
No target in view!
No target in view!
No target in view!
No target in view!
No target in view!
The centaur shouts!
The centaur shoots an arrow.
You block the arrow.
The centaur shoots an arrow.
The arrow hits you but does no damage.
You hear a shout!
There is a stone staircase leading up here.
You see here 2 arrows.
There are monsters nearby!
There are monsters nearby!
There are monsters nearby!
There are monsters nearby!
You feel much better.
The centaur shoots an arrow.
The arrow hits you but does no damage.
The centaur shoots an arrow.
The arrow completely misses you.
The centaur shoots an arrow.
The arrow hits you!
The centaur shoots an arrow.
The arrow barely misses you.
The centaur shouts!
You see here an arrow.
The centaur shouts!
The centaur shoots an arrow.
The arrow hits you but does no damage.
The centaur shoots an arrow.
The arrow hits you.
The centaur shoots an arrow.
You block the arrow.
The centaur shoots an arrow.
The arrow hits you!
The centaur shoots an arrow.
The arrow hits you!
You see here 5 arrows.
Are you sure you want to abandon this character and quit the game? (Confirm with "yes".)

####### * * , *
############ ((((((((<.(#
##########. #.≈≈≈≈.###.#
#.<........
#≈≈≈≈≈≈≈≈#.#####(#########
≈≈≈≈≈≈≈≈≈≈≈≈....@#
≈≈≈≈≈≈≈≈≈≈≈≈≈≈≈..#
≈≈≈≈≈≈cc≈≈≈≈≈≈≈≈.#
≈≈≈≈ccc.c.≈≈≈≈≈≈.#
≈≈≈......cc≈≈≈≈≈.#
≈≈≈..#'#..c≈≈≈≈≈.# ≈≈≈c
*,.c.≈≈≈≈.# ≈≈≈c
**...≈≈≈..# ≈ * ** ≈ , *


You could see 4 centaurs.

Vanquished Creatures
  A skeletal warrior (D:7)
  Pikel (D:4)
  Maggie (D:6)
  Prince Ribbit (D:6)
  A hornet (D:7)
  Eustachio (D:5)
  Edmund (D:6)
  A water moccasin (D:6)
  Duvessa (D:5)
  3 orc warriors
  3 ice beasts
  A sky beast (D:7)
  2 black bears
  2 phantoms
  An ogre (D:4)
  4 lemures (D:4)
  A big kobold (D:7)
  3 bullfrogs
  Dowan (D:5)
  4 scorpions
  3 killer bees (D:7)
  A howler monkey (D:4)
  3 centaur skeletons
  5 hounds
  2 jellies
  6 orc wizards
  Crazy Yiuf (D:6)
  5 orc priests
  2 iguanas
  8 worker ants
  A hound skeleton (D:6)
  5 adders
  3 shadow imps
  2 white imps (D:7)
  An ufetubus (D:8)
  2 oozes (D:4)
  An adder skeleton (D:5)
  A dart slug (D:2)
  3 leopard geckos
  25 orcs
  3 ball pythons (D:4)
  2 bat skeletons (D:2)
  5 giant cockroaches
  4 goblins
  3 hobgoblins (D:3)
  15 jackals
  3 quokkas
  A frilled lizard (D:3)
  A jackal skeleton (D:5)
  3 kobolds (D:7)
  2 leopard gecko skeletons
  A leopard gecko zombie (D:6)
  8 rats
165 creatures vanquished.

Vanquished Creatures (others)
  12 plants
12 creatures vanquished.

Grand Total: 177 creatures vanquished

Notes
Turn   | Place    | Note
-------+----------+-------------------------------------------
     0 | D:1      | EnegeticOcto the Deep Dwarf Fighter began the quest for the
                  | Orb.
     0 | D:1      | Reached XP level 1. HP: 20/20 MP: 1/1
    42 | D:2      | Reached XP level 2. HP: 21/27 MP: 2/2
    69 | D:2      | Reached skill level 3 in Axes
    69 | D:2      | Reached XP level 3. HP: 18/34 MP: 3/3
    91 | D:2      | Reached XP level 4. HP: 31/42 MP: 4/4
   486 | D:3      | Found a hide-covered altar of Uskayaw.
   522 | D:3      | Reached skill level 4 in Axes
   522 | D:3      | Reached XP level 5. HP: 27/49 MP: 5/5
   624 | D:4      | Reached XP level 6. HP: 36/57 MP: 6/6
   647 | D:4      | Noticed Pikel
   663 | D:4      | Reached skill level 5 in Axes
   695 | D:4      | Killed Pikel
   695 | D:4      | Reached skill level 6 in Axes
   695 | D:4      | Reached skill level 5 in Armour
   695 | D:4      | Reached skill level 5 in Shields
   695 | D:4      | Reached XP level 7. HP: 55/66 MP: 5/5
   844 | D:4      | Reached XP level 8. HP: 57/73 MP: 6/6
  1162 | D:5      | Entered Level 5 of the Dungeon
  1164 | D:5      | Found a stormy altar of Qazlal.
  1186 | D:5      | Reached skill level 7 in Axes
  1196 | D:5      | Noticed an air elemental
  1315 | D:5      | Found a transporter.
  1343 | D:5      | Found a transporter.
  1366 | D:5      | Noticed Dowan
  1367 | D:5      | Noticed Duvessa
  1386 | D:5      | Killed Duvessa
  1387 | D:5      | Reached skill level 5 in Fighting
  1402 | D:5      | Killed Dowan
  1481 | D:5      | Reached skill level 8 in Axes
  1525 | D:5      | Noticed Eustachio
  1550 | D:5      | Killed Eustachio
  2025 | D:6      | Gained mutation: You passively map the area around you.
                  | [Deep Dwarf growth]
  2025 | D:6      | Reached XP level 9. HP: 43/81 MP: 5/5
  2040 | D:6      | Noticed Prince Ribbit
  2127 | D:6      | Noticed Maggie
  2149 | D:6      | Killed Maggie
  2149 | D:6      | Reached skill level 9 in Axes
  2178 | D:6      | Killed Prince Ribbit
  2308 | D:6      | Noticed Edmund
  2339 | D:6      | Killed Edmund
  2445 | D:6      | Found a runed translucent door.
  2446 | D:6      | Noticed Crazy Yiuf
  2625 | D:6      | Killed Crazy Yiuf
  2745 | D:7      | Noticed a skeletal warrior
  2799 | D:7      | Killed a skeletal warrior
  2799 | D:7      | Reached skill level 10 in Axes
  2883 | D:7      | Reached XP level 10. HP: 68/92 MP: 3/3
  2916 | D:7      | Found a shimmering altar of Xom.
  3086 | D:7      | Found a staircase to the Ecumenical Temple.
  3121 | Temple   | Entered the Ecumenical Temple
  3187 | Temple   | Became a worshipper of Makhleb the Destroyer
  3355 | D:7      | Paralysed by a hornet for 3 turns
  3361 | D:7      | Paralysed by a hornet for 2 turns
  3366 | D:7      | Paralysed by a hornet for 2 turns
  3371 | D:7      | Reached skill level 1 in Invocations
  3814 | D:8      | Quit the game

Illustrated notes

Levels and vault maps discovered:
D:1:      dpeg_arrival_simpleton_b, layout_loops_ring, chequers_avenue,
          hangedman_glass_garden
D:2:      layout_rooms, kennysheep_vampire_church, serial_bayou_lagoon_a,
          kennysheep_nondescript
D:3:      layout_basic, lemuel_doored_altar, nicolae_overflow_crystal_walls,
          chequers_ecumenical_altar_lobes
D:4:      layout_rooms, saegor_snake_ambush, uniq_pikel
D:5:      gammafunk_steamed_eel, layout_gridville,
          nicolae_qazlal_style_of_elements, serial_bayou_pond_a, uniq_eustachio,
          uniq_duvessa
D:6:      layout_cave_pools, serial_bayou_pond_c, uniq_prince_ribbit1,
          uniq_edmund, uniq_crazy_yiuf_cottage, uniq_maggie
D:7:      hangedman_cross_stitches, layout_loops_ring, lemuel_round_altar,
          minmay_temple_entry_glassed_door
D:8:      layout_loops_ring, lemuel_round_altar, old_standard_altar,
          elyvilon_altar_3, david_lair_shrubbed, centaur_isle
Temple:   eino_temple_water

Skill      XL: |  1  2  3  4  5  6  7  8  9 10 |
---------------+-------------------------------+-----
Fighting       | 3 4 5 6 |  6.8
Axes           | 3 4 6 8 10 | 10.6
Shields        | 4 5 6 7 8 |  8.1
Armour         | 4 5 6 7 8 |  8.1
Invocations    | 2 |  2.1

Action                   |  1- 3 |  4- 6 |  7- 9 | 10-12 || total
-------------------------+-------+-------+-------+-------++-------
Melee: War axe           |    41 |   120 |   389 |   158 ||   708
 Abil: Heal Wounds       |     2 |    10 |    20 |     9 ||    41
Evoke: Wand              |       |       |     1 |       ||     1
  Use: Scroll            |       |       |       |    13 ||    13
Armor: Scale mail        |    26 |    83 |    43 |       ||   152
       Plate armour      |       |       |   114 |    91 ||   205
Dodge: Dodged            |    11 |    71 |    86 |    37 ||   205
Block: Kite shield       |    21 |   112 |   196 |    91 ||   420

Table legend: (Time is in decaauts)
 A = Elapsed time spent in this place.
 B = Non-inter-level travel time spent in this place.
 C = Inter-level travel time spent in this place.
 D = Time resting spent in this place.
 E = Time spent auto-exploring this place.
 F = Levels seen in this place.
 G = Mean time per level.
                   A        B        C        D        E       F      G
               +--------+--------+--------+--------+--------+-----+--------+
         Total |   3979 |   3780 |    199 |      0 |   2419 |   9 |  442.1 |
       Dungeon |   3898 |   3728 |    170 |      0 |   2370 |   8 |  487.2 |
        Temple |     80 |     51 |     29 |      0 |     49 |   1 |   80.0 |
               +--------+--------+--------+--------+--------+-----+--------+

Top non-repeatable levels by time:
     D:5: 845 daAuts
     D:7: 819 daAuts
     D:6: 714 daAuts
     D:4: 630 daAuts
     D:2: 451 daAuts
     D:8: 259 daAuts
     D:3: 171 daAuts
  Temple: 80 daAuts
     D:1: 7 daAuts
